 Dungeon Crawl Stone Soup version 0.21-a0-401-g0b6bec4 (webtiles) character file.

93 Kavrick the Insei (level 4, 0/24 HPs)
             Began as a Vine Stalker Monk on Oct 21, 2017.
             Slain by Grinder (2 damage)
             ... on level 3 of the Dungeon.
             The game lasted 00:02:48 (1747 turns).

Kavrick the Insei (Vine Stalker Monk)               Turns: 1747, Time: 00:02:49

Health: 0/24       AC:  3    Str: 15    XL:     4   Next: 61%
Magic:  0/5        EV: 13    Int: 10    God:
Gold:   69         SH:  0    Dex: 16    Spells: 3/3 levels left

rFire    . . .     SeeInvis .     - Unarmed
rCold    . . .     Gourm    .   (no shield)
rNeg     . . .     Faith    .   a - +0 robe
rPois    .         Spirit   +   (no helmet)
rElec    .         Reflect  .   (no cloak)
rCorr    .         Harm     .   i - +0 pair of gloves
MR       .....                  (no boots)
Stlth    ++........             (no amulet)
HPRegen  0.48/turn              (no ring)
MPRegen  0.09/turn              (no ring)

@: no status effects
A: fangs 2, regeneration 1, magic shield, antimagic bite, no potion heal 3, rot
immunity
a: no special abilities


You were on level 3 of the Dungeon.
You were not hungry.

You visited 1 branch of the dungeon, and saw 3 of its levels.

You collected 69 gold pieces.

Inventory:

Armour
 a - a +0 robe (worn)
 i - a +0 pair of gloves (worn)
 p - a +0 ring mail
Scrolls
 c - a scroll of enchant weapon {unknown}
 e - a scroll of teleportation {unknown}
 h - a scroll of blinking {unknown}
 l - 2 scrolls of remove curse {unknown}
 n - 2 scrolls of identify {unknown}
 o - a scroll of enchant armour {unknown}
 r - a scroll of magic mapping {unknown}
Potions
 j - a potion of might {unknown}
 k - a potion of flight {unknown}
 m - a potion of haste {unknown}
 q - a potion of berserk rage {unknown}
Comestibles
 b - 3 bread rations
 d - 5 chunks of flesh
 f - 2 meat rations
 g - a royal jelly


   Skills:
 + Level 3.2 Fighting
 + Level 1.2 Armour
 + Level 2.9 Dodging
 - Level 2.4 Stealth
 * Level 4.0 Unarmed Combat


You had 3 spell levels left.
You didn't know any spells.

Dungeon Overview and Level Annotations

Branches:
Dungeon (3/15)

Altars:

Annotations:
D:3 Grinder


Innate Abilities, Weirdness & Mutations

You have extremely sharp teeth.
Your natural rate of healing is unusually fast.
When hurt, damage is shared between your health and your magic reserves.
Your bite disrupts and absorbs the magic of your enemies.
Potions cannot restore your health.
You are immune to rotting.


Message History

Grinder completely misses you.
You hit Grinder but do no damage. You bite Grinder.
Grinder's magic leaks into the air.
You drain her magic.
Grinder is moderately wounded.
Grinder hits you!
You writhe in agony.
You hit Grinder but do no damage.
Grinder is lightly wounded.
Grinder hits you but does no damage.
You completely miss Grinder.
Grinder is lightly wounded.
You hit Grinder but do no damage. You bite Grinder.
Grinder's magic leaks into the air.
You drain her magic.
You feel invigorated.
Grinder is lightly wounded.
Grinder says, "I used to sell toenails on the black market."
Grinder hits you!
You writhe in agony.
* * * LOW HITPOINT WARNING * * *
You hit Grinder.
Grinder is moderately wounded.
Grinder hits you.
You die...

..# #.#.# #.#..
#.#.# #.#.#
#.#.# #.#5#
##.###.#@##.#.#
#......<..).....
##.#####.......#
#.......+
##......#
......# ......#
......# .....


You could see Grinder.

Vanquished Creatures
  A worker ant (D:2)
  A gnoll (D:1)
  2 adders (D:2)
  3 bats (D:2)
  A giant cockroach (D:2)
  9 goblins
  4 hobgoblins
  3 jackals (D:2)
  2 quokkas (D:2)
  A ball python (D:1)
  4 frilled lizards
  5 kobolds
  4 rats (D:2)
40 creatures vanquished.

Notes
Turn   | Place    | Note
-------+----------+-------------------------------------------
     0 | D:1      | Kavrick the Vine Stalker Monk began the quest for the Orb.
     0 | D:1      | Reached XP level 1. HP: 11/11 MP: 2/2
   280 | D:1      | Reached XP level 2. HP: 12/16 MP: 3/3
   593 | D:1      | Reached XP level 3. HP: 17/19 MP: 4/4
  1149 | D:2      | Reached skill level 1 in Armour
  1149 | D:2      | Gained mutation: Your natural rate of healing is unusually fast. [Vine Stalker growth]
  1149 | D:2      | Reached XP level 4. HP: 6/24 MP: 5/5
  1482 | D:2      | Reached skill level 4 in Unarmed Combat
  1728 | D:3      | Noticed Grinder
  1747 | D:3      | Slain by Grinder

Vault maps used:
D:1:      mushboom_english_gardens
D:3:      fedhas_altar_4, overflow_temple_1_default, first_bread, uniq_grinder

Skill      XL: |  1  2  3  4 |
---------------+-------------+-----
Fighting       | 3 |  3.2
Armour         | 1 |  1.2
Unarmed Combat | 4 |  4.0
Dodging        | |  2.9
Stealth        | |  2.4

Action                   |  1- 3 |  4- 6 || total
-------------------------+-------+-------++-------
Melee: Unarmed           |    74 |    48 ||   122
       Bite              |    15 |     9 ||    24
       Punch             |     1 |       ||     1
 Stab: Sleeping          |     2 |     7 ||     9
       Distracted        |       |     1 ||     1
  Eat: Chunk             |     1 |     2 ||     3
Armor: Robe              |     8 |     6 ||    14
Dodge: Dodged            |    38 |    23 ||    61

Table legend:
 A = Spawn XP
 B = Non-spawn XP
 C = Spawn XP percentage of total XP
 D = Spawn monster count
 E = Non-spawn monster count
 F = Spawn count percentage of total count
 G = Total turns spent on level
                    A         B        C        D         E        F      G
               +---------+---------+-------+---------+---------+-------+---------
         Total |       0 |     133 |   0.0 |       0 |      40 |   0.0 |  1747
               +---------+---------+-------+---------+---------+-------+---------
           D:1 |       0 |      36 |   0.0 |       0 |      14 |   0.0 |   990
           D:2 |       0 |      97 |   0.0 |       0 |      26 |   0.0 |   740
               +---------+---------+-------+---------+---------+-------+---------
